 Dungeon Crawl Stone Soup version 0.18-a0-1577-gf591c28 (webtiles) character file.

2188 M4edhros the Covert (level 9, 0/53 HPs)
             Began as an Octopode Artificer on Mar 21, 2016.
             Slain by a giant frog (7 damage)
             ... on level 7 of the Dungeon.
             The game lasted 00:21:45 (9249 turns).

M4edhros the Covert (Octopode Artificer)            Turns: 9249, Time: 00:21:45

Health: 0/53       AC:  1    Str: 11 (13) XL:     9   Next: 33%
Magic:  11/11      EV: 17    Int: 15      God:    Xom [..*...]
Gold:   297        SH:  0    Dex:  7 (11) Spells: 1 memorised, 5 levels left

rFire  + + .     SeeInvis .     F - +0 rapier
rCold  x . .     Gourm    .     (no shield)
rNeg   . . .     Faith    .     (helmet restricted)
rPois  +         Spirit   .     (no amulet)
rElec  .         Dismiss  .     r - ring of fire
rCorr  .         Reflect  .     E - +3 ring of strength
SustAt .         Harm     .     J - ring of protection from fire
MR     +....                    s - +3 ring of evasion
Stlth  ++++++....               G - ring of poison resistance
                                (no ring)
                                (no ring)
                                (no ring)

@: somewhat resistant to hostile enchantments, very stealthy
A: almost no armour, amphibious, 8 rings, constrict 8, camouflage 1, clumsy 2,
deterioration 1, magic resistance 1, gelatinous body 1
a: Renounce Religion


You were on level 7 of the Dungeon.
You worshipped Xom.
You were a toy of Xom.
You were not hungry.

You visited 2 branches of the dungeon, and saw 8 of its levels.

You collected 297 gold pieces.

Inventory:

Hand Weapons
 F - a +0 rapier (weapon)
Missiles
 n - 129 stones (quivered)
 u - 39 sling bullets
Jewellery
 r - a ring of fire (left tentacle)
 s - a +3 ring of evasion (on tentacle)
 E - a +3 ring of strength (right tentacle)
 G - a ring of poison resistance (on tentacle)
 J - a ring of protection from fire (on tentacle)
Wands
 a - a wand of iceblast (9/15)
 b - a wand of flame (0/48)
 c - a wand of enslavement (3/24)
 d - a wand of random effects (0/48)
 q - a wand of confusion (1/48)
 K - a wand of flame (27/48)
Scrolls
 e - a scroll of blinking {unknown}
 h - 2 scrolls of enchant armour
 i - a scroll of noise {unknown}
 k - 2 scrolls of magic mapping
 l - a scroll of enchant weapon {unknown}
 o - 2 scrolls of teleportation
 p - 8 scrolls of remove curse
 t - a scroll of fear {unknown}
 w - 2 scrolls of immolation
 y - a scroll of recharging {unknown}
 z - 2 scrolls of amnesia {unknown}
Potions
 g - 5 potions of degeneration
 j - a potion of curing
 C - a potion of might
 I - a potion of flight
Books
 x - a book of Debilitation

   Spells                             Type                      Level
   a - Corona                         Hexes                        1
   b - Slow                           Hexes                        2
   c - Gell's Gravitas                Hexes/Translocation          3
   d - Inner Flame                    Hexes/Fire                   3
   e - Cause Fear                     Hexes                        4
   f - Leda's Liquefaction            Hexes/Earth                  4
 H - a book of Flames

   Spells                             Type                      Level
   a - Flame Tongue                   Conjuration/Fire             1
   b - Throw Flame                    Conjuration/Fire             2
   c - Conjure Flame                  Conjuration/Fire             3
   d - Inner Flame                    Hexes/Fire                   3
   e - Sticky Flame                   Conjuration/Fire             4
   f - Fireball                       Conjuration/Fire             5
Comestibles
 f - 9 bread rations
 m - 4 beef jerkies
 A - 3 meat rations
 B - a slice of pizza
 D - a chunk of flesh


   Skills:
 - Level 1.0 Fighting
 - Level 1.0 Short Blades
 * Level 8.3 Dodging
 + Level 12.5 Stealth
 - Level 3.2 Evocations


You had 5 spell levels left.
You knew the following spells:

 Your Spells              Type           Power        Failure   Level  Hunger
a - Gell's Gravitas       Hex/Tloc       #.........   80%         3    ####...


Dungeon Overview and Level Annotations

Branches:
Dungeon (7/15)             Temple (1/1) D:4

Altars:
Ashenzari
Cheibriados
Dithmenos
Elyvilon
Fedhas
Gozag
Kikubaaqudgha
Makhleb
Nemelex Xobeh
Okawaru
Pakellas
Qazlal
Ru
Sif Muna
Trog
Vehumet
Xom
Yredelemnul
Zin
The Shining One

Shops:
D:5 *   D:6 %:

Annotations:
D:5 pedritolo's ghost, novice MiCK


Innate Abilities, Weirdness & Mutations

You cannot wear most types of armour.
You are amphibious.
You can wear up to eight rings at the same time.
You can use your tentacles to constrict eight enemies at once.
Your skin changes colour to match your surroundings (Stealth).
Your rubbery body absorbs attacks (AC +1).
You are very clumsy. (Dex -4)
Your body sometimes deteriorates upon taking damage.
You are resistant to hostile enchantments.


Message History

The crimson imp hits the freed slave but does no damage.
Evoke which item? (* to show all) (? for menu, Esc to quit)
Zapping:
c - a wand of enslavement (5/24)
Press: ? - help, Shift-Dir - straight line, f/p - giant frog
Aim: a giant frog (chance to defeat MR: 52%)
The giant frog resists with significant effort.
This wand has 4 charges left.
The giant frog hits you!
* * * LOW HITPOINT WARNING * * *
The freed slave hits the crimson imp but does no damage.
The crimson imp barely misses the freed slave.
Evoke which item? (* to show all) (? for menu, Esc to quit)
Zapping:
c - a wand of enslavement (4/24)
Press: ? - help, Shift-Dir - straight line, f/p - giant frog
Aim: a giant frog (chance to defeat MR: 52%)
The giant frog resists with significant effort.
This wand has 3 charges left.
The giant frog hits you!
* * * LOW HITPOINT WARNING * * *
The giant frog hits you!
You die...
Xom is highly amused!

#..##.#.##.# #.## ##########
#..##.#.##.###§## #........#
#.....[..F..§.§.. #........#
##....####O.##§.. #...[....#
#!...# #(.##### #........#
#.÷..# #O.# #........###
#...)####..##...
#........'5####..........#####
#........#.p[@FO....####.#
#...)....#.###....#......#
#........#.....########..#
#######'######## #).# #.#
#..##.## #.# #....... #.#####
#.###.## #.....# #.# # ###...#
#.#


You could see an ogre, a giant frog, a crimson imp and a neutral freed slave.

Vanquished Creatures
  Pikel (D:7)
  Grinder (D:5)
  A water moccasin (D:5)
  Duvessa (D:5)
  A black bear (D:4)
  A slave (D:7)
  2 centaurs
  An ogre (D:4)
  2 giant frogs
  A water moccasin zombie (D:6)
  2 scorpions (D:5)
  Dowan (D:5)
  2 orc priests
  A gnoll shaman (D:4)
  A hound (D:4)
  An orc wizard (D:6)
  A centaur skeleton (D:5)
  Ijyb (D:2)
  Terence (D:2)
  3 worker ants
  2 hound skeletons (D:5)
  A howler monkey zombie (D:7)
  3 gnolls (D:4)
  8 adders
  A shadow imp (D:5)
  An adder skeleton (D:6)
  2 worms
  2 dart slugs
  3 giant geckos
  6 orcs
  6 bats
  4 giant cockroaches
  6 hobgoblins
  8 jackals
  9 kobolds
  A quokka (D:6)
  4 ball pythons
  5 giant newts
  4 goblins
  5 rats
107 creatures vanquished.

Vanquished Creatures (collateral kills)
  An ogre (D:6)
  A centaur (D:7)
  A giant frog (D:7)
  A gnoll (D:4)
  A giant gecko (D:7)
  A giant gecko zombie (D:6)
6 creatures vanquished.

Vanquished Creatures (others)
  A slave (D:7)
  A gnoll (D:4)
  An adder (D:7)
3 creatures vanquished.

Grand Total: 116 creatures vanquished

Notes
Turn   | Place    | Note
--------------------------------------------------------------
     0 | D:1      | M4edhros the Octopode Artificer began the quest for the Orb.
     0 | D:1      | Reached XP level 1. HP: 13/13 MP: 3/3
   284 | D:1      | Reached XP level 2. HP: 18/18 MP: 4/4
   288 | D:1      | Reached skill level 2 in Stealth
   906 | D:1      | Reached skill level 3 in Stealth
   975 | D:1      | Reached XP level 3. HP: 20/23 MP: 5/5
  1046 | D:1      | Found a shattered altar of Ashenzari.
  1261 | D:2      | Reached skill level 4 in Stealth
  1291 | D:2      | Noticed Ijyb
  1307 | D:2      | Killed Ijyb
  1307 | D:2      | Reached XP level 4. HP: 20/28 MP: 6/6
  1315 | D:2      | Noticed Terence
  1419 | D:2      | Killed Terence
  1419 | D:2      | Reached skill level 5 in Stealth
  2100 | D:2      | Reached XP level 5. HP: 25/33 MP: 7/7
  2205 | D:3      | Found a shattered altar of Ashenzari.
  2323 | D:3      | Found a basalt altar of Yredelemnul.
  2334 | D:3      | Learned a level 3 spell: Gell's Gravitas
  2436 | D:3      | Found a white marble altar of Elyvilon.
  2483 | D:3      | Found an iron altar of Okawaru.
  2658 | D:3      | Found an oddly glowing altar of Pakellas.
  2868 | D:3      | Found a bloodstained altar of Trog.
  2979 | D:4      | Noticed an ogre
  2984 | D:4      | Killed an ogre
  2984 | D:4      | Reached skill level 6 in Stealth
  2984 | D:4      | Reached XP level 6. HP: 38/38 MP: 8/8
  3133 | D:4      | Found a staircase to the Ecumenical Temple.
  3138 | Temple   | Entered the Ecumenical Temple
  3146 | Temple   | Became a worshipper of Xom of Chaos
  3296 | D:4      | XOM: silly message
  3347 | D:4      | XOM: harmless Necr miscast
  3349 | D:4      | Reached skill level 7 in Stealth
  3372 | D:4      | Found an ancient bone altar of Kikubaaqudgha.
  3757 | D:4      | Reached skill level 8 in Stealth
  4097 | D:4      | Noticed a black bear
  4107 | D:4      | Killed a black bear
  4107 | D:4      | Reached XP level 7. HP: 18/43 MP: 9/9
  4317 | D:4      | XOM: colour smoke trail
  4993 | D:4      | XOM: silly message
  5114 | D:5      | Entered Level 5 of the Dungeon
  5117 | D:5      | Noticed Grinder
  5120 | D:5      | Paralysed by Grinder for 3 turns
  5153 | D:5      | Killed Grinder
  5153 | D:5      | Reached skill level 5 in Dodging
  5153 | D:5      | Reached skill level 9 in Stealth
  5168 | D:5      | Gained mutation: You evolve. [potion of mutation]
  5168 | D:5      | Gained mutation: You are robust (+10% HP). [potion of mutation]
  5168 | D:5      | Gained mutation: Your flesh is heat resistant. [potion of mutation]
  5186 | D:5      | Noticed pedritolo's ghost (novice MiCK)
  5274 | D:5      | Reached skill level 10 in Stealth
  5381 | D:5      | Found Aquwahuv's Serpentskin Sales.
  5388 | D:5      | Reached XP level 8. HP: 52/52 MP: 10/10
  5561 | D:5      | Found a snail-covered altar of Cheibriados.
  5592 | D:5      | Gained mutation: You are resistant to hostile enchantments. [evolution]
  5683 | D:5      | Noticed Dowan
  5713 | D:5      | Killed Dowan
  5753 | D:5      | XOM: scenery: create altars
  5937 | D:5      | Noticed Duvessa
  5941 | D:5      | XOM: cast spell 'Spider Form'
  5945 | D:5      | XOM: smoke on damage
  5953 | D:5      | Killed Duvessa
  5976 | D:5      | Found a glowing golden altar of the Shining One.
  6082 | D:5      | Reached skill level 11 in Stealth
  6107 | D:5      | XOM: noise
  6180 | D:5      | XOM: summons 4 hostile demons
  6218 | D:5      | XOM: harmless Divn miscast
  6272 | D:5      | XOM: colour smoke trail
  6408 | D:5      | XOM: medium Trmt miscast
  6409 | D:5      | Gained mutation: You are clumsy. (Dex -2) [mutagenic glow]
  6437 | D:6      | Gained mutation: You regenerate slowly when monsters are visible. [mutagenic glow]
  6485 | D:5      | XOM: polymorph crimson imp -> shadow imp
  6519 | D:5      | XOM: summons 4 hostile demons
  6601 | D:6      | Found Kunotosi's Book Boutique.
  6610 | D:6      | XOM: mild Chrm miscast
  6731 | D:5      | XOM: enchant monster (bad)
  6778 | D:5      | XOM: polymorph ice beast -> golden eye
  6797 | D:5      | XOM: chaos cloud
  6803 | D:5      | XOM: enchant monster (good)
  6807 | D:5      | XOM: polymorph golden eye -> shapeshifter
  6863 | D:5      | XOM: harmless Pois miscast
  6889 | D:5      | XOM: cast spell 'Metabolic Englaciation'
  6903 | D:5      | Noticed a two-headed ogre
  6926 | D:5      | XOM: summons 4 friendly demons
  6933 | D:5      | XOM: noise
  6933 | D:5      | a two-headed ogre changed into a human
  6954 | D:5      | XOM: enchant monster (good)
  7100 | D:6      | XOM: 2-stop teleportation journey
  7117 | D:6      | Found Seffeczewo's Food Boutique.
  7122 | D:6      | XOM: give mutations
  7122 | D:6      | Gained mutation: You are very clumsy. (Dex -4) [Xom's mischief]
  7122 | D:6      | Gained mutation: You are dopey. (Int -2) [Xom's mischief]
  7122 | D:6      | Lost mutation: You evolve. [Xom's mischief]
  7122 | D:6      | Lost mutation: You are robust (+10% HP). [Xom's mischief]
  7243 | D:6      | Found a burning altar of Makhleb.
  7248 | D:6      | Found a glowing silver altar of Zin.
  7248 | D:6      | Noticed an angel
  7249 | D:6      | Noticed a blizzard demon
  7351 | D:6      | XOM: harmless Summ miscast
  7370 | D:6      | XOM: summons 3 hostile shadow creatures
  7374 | D:6      | HP: 1/48 [orc wizard/dagger[Xom] (3)]
  7376 | D:6      | Lost mutation: Your flesh is heat resistant. [potion of cure mutation]
  7376 | D:6      | Lost mutation: You are dopey. (Int -2) [potion of cure mutation]
  7376 | D:6      | Lost mutation: You are very clumsy. (Dex -4) [potion of cure mutation]
  7376 | D:6      | Lost mutation: You regenerate slowly when monsters are visible. [potion of cure mutation]
  7726 | D:6      | XOM: give mutations
  7726 | D:6      | Gained mutation: Your body sometimes deteriorates upon taking damage. [Xom's mischief]
  7726 | D:6      | Gained mutation: You are very clumsy. (Dex -4) [Xom's mischief]
  7981 | D:6      | Found a sparkling altar of Nemelex Xobeh.
  8011 | D:6      | HP: 1/48 [orc priest/divine providence (13)]
  8011 | D:6      | XOM: butterfly on damage
  8223 | D:5      | XOM: torment (18/48 hp)
  8916 | D:7      | Noticed Pikel
  8916 | D:7      | XOM: mild Tloc miscast
  8995 | D:7      | XOM: harmless Chrm miscast
  9080 | D:7      | XOM: silly message
  9092 | D:7      | XOM: harmless Air miscast
  9096 | D:7      | XOM: enchant monster (good)
  9106 | D:7      | Killed Pikel
  9106 | D:7      | Reached skill level 12 in Stealth
  9106 | D:7      | Reached XP level 9. HP: 25/53 MP: 11/11
  9197 | D:7      | XOM: summons friendly ufetubus
  9226 | D:7      | XOM: smoke on damage
  9249 | D:7      | Slain by a giant frog

Vault maps used:
D:1:      minmay_arrival_nine_rooms, evilmike_ruin_ashenzari
D:2:      corexii_corridor_pit, uniq_iyjb, uniq_terence
D:3:      kennysheep_ying_yang, okawaru_gym_becter, overflow_temple_1_default,
          lemuel_coloured_pillars_altar, grunt_pakellas_sulfur, first_bread
D:4:      kiku_gazebo_pond_becter, minmay_temple_entry_nine_rooms
D:5:      nicolae_tso_swordbearing_angel, kennysheep_mini_moat,
          minmay_misc_feat_ornament, guppyfry_shop_venom, uniq_duvessa,
          uniq_grinder
D:6:      grunt_temple_overflow_order_and_chaos_2,
          nemelex_xobeh_ov_fountains_minmay, serial_shops,
          nicolae_shop_statue_plus, shop_fountains
D:7:      serial_shops, nicolae_shop_competitors_out_of_business, uniq_pikel
Temple:   temple_eino_lava_8

Skill      XL: |  1  2  3  4  5  6  7  8 |
---------------+-------------------------+-----
Stealth        | 3 4 5 6 8 10 12 | 12.5
Dodging        | 3 4 5 8 |  8.3
Fighting       | |  1.0
Short Blades   | |  1.0
Evocations     | |  3.2

Action                   |  1- 3 |  4- 6 |  7- 9 || total
-------------------------+-------+-------+-------++-------
Melee: Short sword       |    82 |   108 |       ||   190
       Rapier            |       |       |   160 ||   160
       Unarmed           |       |       |    12 ||    12
Evoke: Wand              |     2 |    11 |    35 ||    48
  Use: Potion            |     2 |     5 |     7 ||    14
       Scroll            |       |     2 |     4 ||     6
 Stab: Sleeping          |    14 |     7 |    13 ||    34
       Confused          |       |     1 |     2 ||     3
       Distracted        |       |       |     1 ||     1
  Eat: Chunk             |     1 |     9 |    16 ||    26
